 Dungeon Crawl Stone Soup version 0.30.1-11-g7821555f0a (webtiles) character file.

Game seed: 5731938144149912954

256 jagang the Slasher (level 6, 0/51 HPs)
             Began as a Barachi Monk on Nov 14, 2023.
             Succumbed to a killer bee's poison
             ... on level 5 of the Dungeon.
             The game lasted 00:07:09 (3272 turns).

jagang the Slasher (Barachi Monk)                   Turns: 3272, Time: 00:07:09

Health: 0/51       AC:  7    Str: 12    XL:     6   Next: 15%
Magic:  6/6        EV: 13    Int: 10    God:
Gold:   43         SH:  0    Dex: 17    Spells: 5/5 levels left

rFire   . . .        a - +0 falchion
rCold   . . .        d - orb {light}
rNeg    . . .        i - +0 leather armour
rPois   .            k - +2 helmet
rElec   .            j - +0 cloak
rCorr   +            (no gloves)
SInv    .            (no boots)
Will    .....        (no amulet)
Stlth   +            s - ring of resist corrosion
HPRegen 0.28/turn    (no ring)
MPRegen 0.10/turn

%: no passive effects
@: confused, lethally poisoned (0 -> -23), ambrosia-drunk, unable to hop,
glowing, slow
A: amphibious, slowness 1, strong legs 1, +LOS
a: Hop


You were on level 5 of the Dungeon.
You visited 1 branch of the dungeon, and saw 5 of its levels.

You collected 121 gold pieces.
You spent 78 gold pieces at shops.

Inventory:

Hand Weapons
 a - a +0 falchion (weapon)
Missiles
 t - 5 poisoned darts
Armour
 d - an orb of light (worn)
 i - a +0 leather armour (worn)
 j - a +0 cloak (worn)
 k - a +2 helmet (worn)
Jewellery
 s - a ring of resist corrosion (left hand)
Scrolls
 e - 3 scrolls of poison {unknown}
 f - 4 scrolls of teleportation {unknown}
 g - 4 scrolls of identify {unknown}
 h - a scroll of torment {unknown}
 l - a scroll of enchant armour {unknown}
 m - a scroll of immolation {unknown}
 n - 2 scrolls of fog {unknown}
 p - 2 scrolls of enchant weapon {unknown}
 q - a scroll of noise {unknown}
 r - a scroll of vulnerability {unknown}
Potions
 b - a potion of attraction {unknown}
 c - a potion of ambrosia
 o - a potion of degeneration {unknown}


   Skills:
 * Level 5.5 Fighting
 * Level 5.5 Long Blades
 * Level 3.8 Armour
 - Level 3.2 Dodging


You had 5 spell levels left.
You didn't know any spells.
Your spell library contained the following spells:

 Spells                   Type           Power      Damage    Failure   Level
 Foxfire                  Conj/Fire      0%         2x1d4     43%         1
 Fireball                 Conj/Fire      0%         3d3       100%        5
 Plasma Beam              Fire/Air       0%         2x1d11    100%        6
 Starburst                Conj/Fire      0%         6d3       100%        6


Dungeon Overview and Level Annotations

Branches:
Dungeon (6/15)
 Temple: D:4-7

Altars:
Trog
Xom

Shops:
D:1 [:(*


Innate Abilities, Weirdness & Mutations

You are amphibious.
You cover ground slowly.
You can hop short distances.
You have an extended range of vision and can be seen from far away.


Message History

The scorpion poisons you! The scorpion barely misses you.
The killer bee stings you but does no damage.
Hop to where?
Press: ? - help, Dir - move target
Found two stone staircases leading down.
Boing!
You feel very sick.
You feel sick.
You feel sick. The killer bee misses you. The killer bee stings you!
You are more poisoned.
The killer bee poisons you! The killer bee misses you.
There is a stone staircase leading up, spattered with blood here.
You feel very sick. The killer bee stings you.
The killer bee stings you but does no damage.
The killer bee stings you. The killer bee closely misses you.
You climb upwards.
The orc shouts!
The orc wizard shouts!
You feel sick.
You hear a shout!
Found a pitted leather armour.
Found a stone staircase leading up.
There is a stone staircase leading down here.
You are confused.
You feel invigorated.
You feel sick.
The killer bee stings you but does no damage. x2
The killer bee stings you.
* * * LOW HITPOINT WARNING * * *
You are lethally poisoned!
The killer bee poisons you! The killer bee misses you.
You barely miss the killer bee.
* * * LOW HITPOINT WARNING * * *
You feel very sick. The killer bee stings you.
* * * LOW HITPOINT WARNING * * *
The killer bee misses you. The killer bee stings you.
* * * LOW HITPOINT WARNING * * *
You are more poisoned.
The killer bee poisons you! The killer bee misses you.
You hit the killer bee but do no damage.
You die...

. .... .##.#.#
.#.... ..<..
#...# # ....
#.#.###..##.###
#...[.y........
#.y@........
####........
.....### ..o..#
....o# ####.#
.# #


You could see 2 killer bees, an orc wizard and an orc.

Vanquished Creatures
  An ogre (D:3)
  Robin (D:2)
  4 gnolls (D:3)
  2 adders (D:3)
  3 worms
  2 dart slugs
  7 orcs (D:3)
  4 endoplasms
  A giant cockroach (D:1)
  11 goblins
  11 hobgoblins
  5 jackals
  8 kobolds
  4 quokkas
  5 ball pythons
  5 bats
  6 frilled lizards
  4 rats
84 creatures vanquished.

Notes
Turn   | Place    | Note
-------+----------+-------------------------------------------
     0 | D:1      | jagang the Barachi Monk began the quest for the Orb.
     0 | D:1      | Reached XP level 1. HP: 18/18 MP: 1/1
    18 | D:1      | Found Agogruecw's Assorted Antiques.
   167 | D:1      | Found Kofal's Antique Weapon Shoppe.
   184 | D:1      | Found Nouca's Book Emporium.
   229 | D:1      | Reached XP level 2. HP: 18/25 MP: 2/2
   282 | D:1      | Found Adeamp's Armour Emporium.
   350 | D:1      | Found a faded altar of an unknown god.
   375 | D:1      | Reached skill level 1 in Armour
   710 | D:1      | Reached XP level 3. HP: 30/30 MP: 3/3
  1431 | D:2      | Noticed Robin
  1466 | D:2      | Killed Robin
  1467 | D:2      | Reached XP level 4. HP: 7/38 MP: 4/4
  2190 | D:1      | Bought a scroll labelled CUGAMEKUUL for 20 gold pieces
  2190 | D:1      | Bought a scroll labelled CIDANW XEITO for 20 gold pieces
  2190 | D:1      | Bought a scroll labelled ZOFISU WERGHATAWA for 20 gold
                  | pieces
  2190 | D:1      | Bought a blue potion for 18 gold pieces
  2255 | D:3      | Found a bloodstained altar of Trog.
  2438 | D:3      | Noticed an ogre
  2455 | D:3      | Killed an ogre
  2456 | D:3      | Reached skill level 5 in Fighting
  2456 | D:3      | Reached skill level 5 in Long Blades
  2456 | D:3      | Reached XP level 5. HP: 7/44 MP: 5/5
  2617 | D:3      | Found a shimmering altar of Xom.
  2867 | D:3      | Reached XP level 6. HP: 12/51 MP: 6/6
  3249 | D:3      | You fall into a shaft and drop 3 floors!
  3269 | D:5      | Entered Level 5 of the Dungeon
  3271 | D:5      | HP: 2/51 [killer bee (5)]
  3272 | D:5      | Succumbed to a killer bee's poison

Illustrated notes

Levels and vault maps discovered:
D:1:      elethiomel_arrival_quiet, layout_loops_corners, serial_shops, shop,
          shop, shop, nicolae_shop_waterfront,
          shapermc_ecumenical_altar_totnotflames, minmay_surrounded
D:2:      minmay_inner_zag, layout_loops_ring, small_statue_intersection,
          uniq_robin
D:3:      layout_loops_ring, nicolae_overflow_hidden_temple,
          trog_three_pillars_becter, serial_aquarium, aquarium_bridge_straight
          [aquarium_subvault_bridge, aquarium_subvault_balcony,
          aquarium_subvault_bridge, aquarium_subvault_balcony],
          aquarium_window_1, aquarium_window_3, aquarium_window_fake,
          aquarium_window_corner, aquarium_view_2a, aquarium_balcony_1a,
          aquarium_pool_2, minivault_24, minmay_checkerbox
D:5:      layout_basic, serial_shops, shop, gammafunk_ghost_arena
D:6:      layout_rooms

Skill      XL: |  1  2  3  4 |
---------------+-------------+-----
Armour         | 1 2 3 |  3.8
Fighting       | 4 5 |  5.5
Long Blades    | 4 5 |  5.5
Dodging        | |  3.2

Action                     |  1- 3 |  4- 6 || total
---------------------------+-------+-------++-------
  Melee: Falchion          |    97 |   139 ||   236
Ability: Hop               |       |     1 ||     1
    Use: Potion            |       |     1 ||     1
 Armour: Robe              |    13 |       ||    13
         Leather armour    |    14 |    37 ||    51
  Dodge: Dodged            |    65 |   105 ||   170
